 Dungeon Sprint DCSS version 0.18-b1-16-g289874d (webtiles) character file.

74041 otab the Elven Blade (level 15, -10/114 HPs)
             Began as a High Elf Fighter on May 1, 2016.
             Was the Champion of the Shining One.
             Mangled by a white draconian
             ... wielding a cursed +0 halberd
              (15 damage)
             ... in the Dungeon (Sprint V: "Ziggurat Sprint").
             The game lasted 00:10:17 (2505 turns).

otab the Elven Blade (High Elf Fighter)             Turns: 2505, Time: 00:10:17

Health: -10/114    AC: 37    Str: 20    XL:     15   Next: 5%
Magic:  25/30      EV:  8    Int: 15    God:    the Shining One [******]
Gold:   0          SH: 38    Dex: 13    Spells: 0 memorised, 14 levels left

rFire  + . .     SeeInvis +     N - +7 eudemon blade (holy)
rCold  + . .     Gourm    .     l - +9 gold dragon armour
rNeg   + + +     Faith    .     L - +18 shield of the gong {rElec rN+ MR+ EV-5}
rPois  +         Spirit   .     (no helmet)
rElec  +         Dismiss  .     O - +1 cloak {+Inv}
rCorr  .         Reflect  +     (no gloves)
SustAt .         Harm     .     (no boots)
MR     +++..     NoTele   +     p - amulet "Xayratett" {Reflect *Contam rPois MR+ SH+5 SInv}
Stlth  ..........               y - ring of Shaolin {EV+8}
                                b - ring of Robustness {AC+8}

@: glowing, studying Staves, extremely resistant to hostile enchantments,
extremely unstealthy
A: clumsy 1, MP-powered wands
a: Divine Shield, Cleansing Flame, Summon Divine Warrior, Renounce Religion,
Evoke Invisibility


You were in the Dungeon.
You worshipped the Shining One.
The Shining One was exalted by your worship.
You were not hungry.

You visited 1 branch

Inventory:

Hand Weapons
 M - the +7 Singing Sword
   (You found it in the Dungeon)
 N - a +7 eudemon blade of holy wrath (weapon)
Armour
 l - a +9 gold dragon armour (worn)
 K - the +15 Maxwell's patent armour {-Cast -Tele rElec MR+ rCorr}
   (You found it in the Dungeon)

   It insulates you from electricity.
   It affects your resistance to hostile enchantments.
   It prevents spellcasting.
   It prevents most forms of teleportation.
   It protects you from acid and corrosion.
 L - the +18 shield of the gong (worn) {rElec rN+ MR+ EV-5}
   (You found it in the Dungeon)

   It affects your evasion (-5).
   It insulates you from electricity.
   It protects you from negative energy.
   It affects your resistance to hostile enchantments.
 O - a +1 cloak of invisibility (worn)
Rods
 a - a +6 rod of inaccuracy (14/14)
   (You found it in the Dungeon)
 c - a +9 rod of shadows (9/9)
   (You found it in the Dungeon)
Jewellery
 b - the ring of Robustness (left hand) {AC+8}
   (You found it in the Dungeon)

   [ring of protection]

   It affects your AC (+8).
 p - the amulet "Xayratett" (around neck) {Reflect *Contam rPois MR+ SH+5 SInv}
   (You found it in the Dungeon)

   [amulet of reflection]

   It shields you and reflects attacks.
   It protects you from poison.
   It affects your resistance to hostile enchantments.
   It lets you see invisible.
   It causes magical contamination when unequipped.
   It affects your SH (+5).
 y - the ring of Shaolin (right hand) {EV+8}
   (You found it in the Dungeon)

   [ring of evasion]

   It affects your evasion (+8).
 F - a +6 ring of strength
Wands
 G - a wand of disintegration (7/24)
 H - a wand of iceblast (5/15)
 I - a wand of lightning (5/15)
 J - a wand of acid (5/15)
Scrolls
 k - 2 scrolls of blinking
 r - 4 scrolls of amnesia
 s - 3 scrolls of recharging
 t - 7 scrolls of fog
 u - a scroll of holy word
 v - 5 scrolls of identify
 w - 5 scrolls of remove curse
 x - 2 scrolls of fear
 E - a scroll of brand weapon
Potions
 d - 6 potions of might
 e - 9 potions of curing
 g - 4 potions of heal wounds
 h - 7 potions of haste
 i - 6 potions of magic
 j - 2 potions of berserk rage
 m - 2 potions of brilliance
 n - 2 potions of invisibility
 o - 4 potions of resistance
 q - 6 potions of agility
Books
 B - a manual of Staves
Miscellaneous
 C - 3 phantom mirrors
 D - an ornate deck of destruction {drawn: 4}
Comestibles
 f - 5 bread rations
 z - 42 fruits
 A - 2 meat rations


   Skills:
 + Level 14.9 Fighting
 * Level 26.9 Long Blades
 + Level 10.8 Armour
 + Level 2.8 Dodging
 + Level 19.5 Shields
 * Level 21.9 Invocations


You had 14 spell levels left.
You didn't know any spells.

Dungeon Overview and Level Annotations

Branches:
Dungeon (1/1)

Altars:
Ashenzari
Cheibriados
Dithmenos
Elyvilon
Fedhas
Gozag
Kikubaaqudgha
Makhleb
Nemelex Xobeh
Okawaru
Pakellas
Qazlal
Ru
Sif Muna
Trog
Vehumet
Xom
Yredelemnul
Zin
The Shining One
Beogh
Jiyva
Lugonu

Annotations:
D exclusion: oklob plant


Innate Abilities, Weirdness & Mutations

You are clumsy. (Dex -2)
You expend magic power (3 MP) to strengthen your wands.


Message History

The golden flame engulfs the yellow draconian.
The yellow draconian writhes in agony!
You kill the yellow draconian!
The golden flame engulfs the green draconian.
The green draconian writhes in agony!
You kill the green draconian!
You feel somewhat more hungry.
The green draconian burns!
The green draconian annihilator mumbles some strange words.
The green draconian annihilator blinks!
You block the mottled draconian's attack.
SHROANNG!
The black draconian knight gestures wildly while chanting.
The black draconian knight seems to speed up.
The black draconian knight hits you with a dire flail of draining!
* * * LOW HITPOINT WARNING * * *
You block the green draconian's attack.
PTOANNNG!
The green draconian tail-slaps you but does no damage.
The white draconian hits you from afar with a halberd!
You die...

▓▓▓▓▓▓▓▓▓▓▓▓▓▓▓▓..[..:|.
......8©8......▓..)|.))}
..[}.|.:}:[|:..▓........
..[:))..)|.)|..▓.h......
......[:)......▓....iYR.
......§d..§....▓...i.Yk.
.....)ddd).....▓...hciY.
.....)dqqd.....▓..▓.ii.i
.....dd@qdt....▓b▓▓▓.Yi.
......ddd......▓..▓..i..
......d........▓....i.ih
...▓..q....▓...▓........
.. ▓▓.....▓▓ ..▓▓▓▓▓▓▓▓▓
...▓.......▓...▓.≈.≈.8©8
...............▓.}[|"|≈)
...............▓..:=:|)=
▓▓▓▓▓▓▓▓▓▓▓▓▓▓▓▓≈≈.≈.≈≈.


You could see a yellow draconian monk, 2 draconians, 3 draconians, a yellow
draconian, 2 draconians, a purple draconian, 2 draconians, 4 draconians, a green
draconian annihilator and a snapping turtle.

Vanquished Creatures
  3 pandemonium lords (D)
  An Orb Guardian (D)
  A tentacled monstrosity (D)
  An Executioner (D)
  A shadow dragon (D)
  A balrug (D)
  A draconian zealot (D)
  2 stone giants (D)
  A stone giant (shapeshifter) (D)
  A draconian caller (D)
  A very ugly thing (D)
  2 green draconians (D)
  2 mottled draconians (D)
  2 yellow draconians (D)
  3 black draconians (D)
  2 purple draconians (D)
  A blizzard demon (D)
  4 white draconians (D)
  7 vault guards (D)
  3 merfolk impalers (D)
  A ghost crab (shapeshifter) (D)
  An alligator (shapeshifter) (D)
  A vampire mage (D)
  A hell hog (shapeshifter) (D)
  5 soul eaters (D)
  A shock serpent (shapeshifter) (D)
  A sea snake (shapeshifter) (D)
  2 skeletal warriors (D)
  A sea snake (D)
  An unseen horror (shapeshifter) (D)
  2 necromancers (D)
  A harpy (D)
  A hill giant (shapeshifter) (D)
  An orb spider (shapeshifter) (D)
  A shining eye (D)
  A griffon (D)
  3 ugly things (D)
  A cyclops (D)
  7 toenail golems (D)
  A siren (D)
  A sixfirhy (D)
  A rust devil (D)
  A water nymph (D)
  A manticore (D)
  An orange demon (D)
  A komodo dragon (D)
  A tormentor (D)
  A rime drake (shapeshifter) (D)
  2 yaktaurs (D)
  A freezing wraith (D)
  3 ice devils (D)
  5 merfolk (D)
  A two-headed ogre (shapeshifter) (D)
  A troll (shapeshifter) (D)
  A snapping turtle (D)
  A polar bear (shapeshifter) (D)
  A spriggan (shapeshifter) (D)
  2 tarantellas (D)
  A wraith (D)
  A vampire (D)
  3 shadows (D)
  A yak (D)
  A hippogriff (shapeshifter) (D)
  2 neqoxecs (D)
  2 hippogriffs (D)
  A large abomination (D)
  A hell hound (D)
  3 porcupines (D)
  4 orc warriors (D)
  3 wolves (D)
  2 necrophages (D)
  A crocodile (D)
  2 earth elementals (D)
  2 scorpions (D)
  4 wights (D)
  4 orc priests (D)
  An iron imp (D)
  4 orc wizards (D)
  2 iguanas (D)
  A sheep (D)
  2 adders (D)
  A white imp (D)
  An ufetubus (D)
  A spectral adder (D)
  2 adder zombies (D)
  3 orcs (D)
  A spectral bat (D)
  6 bat skeletons (D)
  A bat zombie (D)
  2 jackals (D)
  2 ball pythons (D)
  A ball python skeleton (D)
  2 giant cockroach zombies (D)
  2 giant gecko zombies (D)
  A jackal skeleton (D)
  A jackal zombie (D)
  A spectral giant gecko (D)
  A spectral jackal (D)
177 creatures vanquished.

Vanquished Creatures (others)
  A merfolk javelineer (D)
  A spatial maelstrom (D)
2 creatures vanquished.

Grand Total: 179 creatures vanquished

Notes
Turn   | Place    | Note
--------------------------------------------------------------
     0 | D        | otab the High Elf Fighter began the quest for the Orb.
     0 | D        | Reached XP level 1. HP: 16/16 MP: 2/2
     5 | D        | Found a viscous altar of Jiyva.
     5 | D        | Found a roughly hewn altar of Beogh.
     5 | D        | Found a corrupted altar of Lugonu.
     5 | D        | Found a white marble altar of Elyvilon.
     5 | D        | Found a sparkling altar of Nemelex Xobeh.
     5 | D        | Banished a spatial maelstrom
     6 | D        | Found a burning altar of Makhleb.
     6 | D        | Found an iron altar of Okawaru.
     6 | D        | Found a deep blue altar of Sif Muna.
     6 | D        | Found a radiant altar of Vehumet.
     6 | D        | Found a bloodstained altar of Trog.
     6 | D        | Found a shimmering altar of Xom.
    64 | D        | Became a worshipper of the Shining One
    81 | D        | Reached skill level 5 in Long Blades
    81 | D        | Reached XP level 2. HP: 22/22 MP: 2/5
    82 | D        | Entered arena 1.
    86 | D        | Reached XP level 3. HP: 27/27 MP: 2/7
   141 | D        | Entered arena 2.
   141 | D        | Reached * piety under the Shining One
   141 | D        | Noticed a necrophage
   146 | D        | Killed a necrophage
   146 | D        | Reached ** piety under the Shining One
   146 | D        | Reached skill level 5 in Fighting
   146 | D        | Reached skill level 6 in Long Blades
   146 | D        | Reached skill level 5 in Invocations
   146 | D        | Reached XP level 4. HP: 35/35 MP: 8/8
   148 | D        | Reached skill level 5 in Armour
   148 | D        | Reached skill level 5 in Shields
   148 | D        | Reached XP level 5. HP: 39/39 MP: 8/10
   150 | D        | Reached skill level 7 in Long Blades
   154 | D        | Entered arena 3.
   154 | D        | Reached *** piety under the Shining One
   154 | D        | Noticed a tarantella
   154 | D        | Noticed a tarantella
   160 | D        | Killed a tarantella
   160 | D        | Reached skill level 8 in Long Blades
   160 | D        | Reached XP level 6. HP: 35/47 MP: 10/12
   165 | D        | Killed a tarantella
   165 | D        | Reached skill level 9 in Long Blades
   165 | D        | Reached XP level 7. HP: 41/54 MP: 11/13
   216 | D        | Entered arena 4.
   259 | D        | Entered arena 5.
   259 | D        | Reached **** piety under the Shining One
   259 | D        | Reached ***** piety under the Shining One
   274 | D        | Got the ring "Odwias" {rPois rF- Int+4 Slay+3 SInv}
   277 | D        | Entered arena 6.
   277 | D        | Reached ****** piety under the Shining One
   279 | D        | Reached skill level 10 in Long Blades
   286 | D        | Reached XP level 8. HP: 54/61 MP: 15/15
   298 | D        | Entered arena 7.
   298 | D        | Noticed a komodo dragon
   305 | D        | Reached skill level 11 in Long Blades
   313 | D        | Reached skill level 12 in Long Blades
   317 | D        | Killed a komodo dragon
   327 | D        | Entered arena 8.
   336 | D        | Reached XP level 9. HP: 44/67 MP: 17/17
   341 | D        | Reached skill level 13 in Long Blades
   346 | D        | Got the amulet "Xayratett" {Reflect *Contam rPois MR+ SH+5 SInv}
   469 | D        | Identified a +7 eudemon blade of holy wrath (a +5 demon blade blessed by the Shining One)
   469 | D        | Received a gift from the Shining One
   472 | D        | Entered arena 9.
   497 | D        | Got the ring "Iguzomaq" {rF+ rN+ Str-5 Int+4}
   546 | D        | Entered arena 10.
   546 | D        | Noticed a toenail golem
   546 | D        | Noticed a toenail golem
   546 | D        | Noticed a toenail golem
   546 | D        | Noticed a toenail golem
   546 | D        | Noticed a toenail golem
   546 | D        | Noticed a toenail golem
   546 | D        | Noticed a toenail golem
   552 | D        | Killed a toenail golem
   552 | D        | Reached skill level 10 in Shields
   552 | D        | Reached skill level 10 in Invocations
   559 | D        | Killed a toenail golem
   559 | D        | Reached skill level 14 in Long Blades
   561 | D        | Killed a toenail golem
   563 | D        | Killed a toenail golem
   563 | D        | Reached skill level 15 in Long Blades
   564 | D        | Killed a toenail golem
   564 | D        | Reached XP level 10. HP: 76/76 MP: 17/19
   568 | D        | Killed a toenail golem
   570 | D        | Killed a toenail golem
   570 | D        | Reached skill level 16 in Long Blades
   583 | D        | Got the ring of Tueguup {*Corrode +Blink rElec rN+ Int+6}
   587 | D        | Entered arena 11.
   592 | D        | Noticed a skeletal warrior
   596 | D        | Reached skill level 10 in Fighting
   612 | D        | Killed a skeletal warrior
   614 | D        | Reached skill level 17 in Long Blades
   633 | D        | Entered arena 12.
   633 | D        | Noticed an Orb Guardian
   633 | D        | Noticed a white draconian
   633 | D        | Noticed a black draconian
   633 | D        | Noticed a tentacled monstrosity
   633 | D        | Noticed a black draconian
   634 | D        | Noticed a white draconian
   634 | D        | Noticed a white draconian
   634 | D        | Noticed a green draconian zealot
   635 | D        | Noticed a mottled draconian
   636 | D        | Noticed a purple draconian
   636 | D        | Noticed a yellow draconian
   642 | D        | Killed a tentacled monstrosity
   642 | D        | Reached skill level 18 in Long Blades
   642 | D        | Reached XP level 11. HP: 82/82 MP: 19/21
   656 | D        | Killed an Orb Guardian
   659 | D        | Killed a green draconian zealot
   659 | D        | Reached skill level 19 in Long Blades
   665 | D        | Killed a white draconian
   670 | D        | Killed a purple draconian
   678 | D        | Killed a white draconian
   678 | D        | Reached skill level 20 in Long Blades
   687 | D        | Killed a black draconian
   692 | D        | Killed a black draconian
   692 | D        | Reached XP level 12. HP: 36/90 MP: 23/23
   699 | D        | Killed a white draconian
   707 | D        | Killed a yellow draconian
   707 | D        | Reached skill level 21 in Long Blades
   716 | D        | Killed a mottled draconian
   986 | D        | Entered arena 13.
   987 | D        | Noticed a vault guard
   987 | D        | Noticed a vault guard
   987 | D        | Noticed a shadow dragon
   988 | D        | Noticed a vault guard
   988 | D        | Noticed a stone giant
   988 | D        | Noticed a vault guard
   988 | D        | Noticed a vault guard
   988 | D        | Noticed a stone giant
   988 | D        | Noticed a vault guard
   988 | D        | Noticed a vault guard
   997 | D        | Killed a vault guard
  1003 | D        | Killed a vault guard
  1018 | D        | Killed a shadow dragon
  1018 | D        | Reached skill level 22 in Long Blades
  1028 | D        | Killed a vault guard
  1042 | D        | Killed a vault guard
  1046 | D        | Reached skill level 15 in Shields
  1051 | D        | Killed a vault guard
  1066 | D        | Killed a vault guard
  1074 | D        | Killed a vault guard
  1074 | D        | Reached skill level 15 in Invocations
  1083 | D        | Killed a stone giant
  1083 | D        | Reached skill level 23 in Long Blades
  1083 | D        | Reached XP level 13. HP: 58/98 MP: 25/25
  1091 | D        | Killed a stone giant
  1238 | D        | Entered arena 14.
  1239 | D        | Noticed Fuduk the pandemonium lord
  1239 | D        | Noticed Piromat the pandemonium lord
  1239 | D        | Noticed a balrug
  1240 | D        | Noticed a blizzard demon
  1241 | D        | Noticed an Executioner
  1243 | D        | Noticed Sumaov the pandemonium lord
  1250 | D        | Killed an Executioner
  1251 | D        | Killed a blizzard demon
  1251 | D        | The Shining One protects you from harm!
  1252 | D        | Killed a balrug
  1253 | D        | Reached skill level 24 in Long Blades
  1254 | D        | Noticed an Ice Fiend
  1254 | D        | Killed Sumaov the pandemonium lord
  1255 | D        | Killed Piromat the pandemonium lord
  1265 | D        | Killed Fuduk the pandemonium lord
  1265 | D        | Reached skill level 25 in Long Blades
  1265 | D        | Reached XP level 14. HP: 107/107 MP: 18/28
  1306 | D        | Entered arena 15.
  1384 | D        | Entered arena 16.
  1410 | D        | Reached skill level 10 in Armour
  1456 | D        | Entered arena 17.
  1472 | D        | Noticed a spriggan defender
  1473 | D        | Noticed a spriggan defender
  1478 | D        | Identified a +8 rod of inaccuracy (8/11)
  1479 | D        | Entered arena 18.
  1914 | D        | HP: 4/108 [merfolk/trident of protection (11)]
  2239 | D        | Entered arena 19.
  2259 | D        | Reached skill level 26 in Long Blades
  2260 | D        | Gained mutation: You are clumsy. (Dex -2) [a neqoxec]
  2267 | D        | Noticed an emperor scorpion
  2273 | D        | an emperor scorpion changed into a catoblepas
  2274 | D        | Noticed a green very ugly thing
  2275 | D        | Gained mutation: You expend magic power (3 MP) to strengthen your wands. [a neqoxec]
  2283 | D        | Noticed a ghost moth
  2283 | D        | a catoblepas changed into a ghost moth
  2285 | D        | Noticed an emperor scorpion
  2285 | D        | a ghost moth changed into an emperor scorpion
  2289 | D        | Noticed an azure jelly
  2289 | D        | an emperor scorpion changed into an azure jelly
  2292 | D        | Noticed a ghost moth
  2292 | D        | a satyr changed into a ghost moth
  2294 | D        | Killed a green very ugly thing
  2294 | D        | Noticed a fire giant
  2294 | D        | an azure jelly changed into a fire giant
  2297 | D        | Noticed an emperor scorpion
  2297 | D        | a ghost moth changed into an emperor scorpion
  2299 | D        | an emperor scorpion changed into a queen ant
  2317 | D        | Noticed an apis
  2317 | D        | a fire giant changed into an apis
  2319 | D        | Noticed a stone giant
  2319 | D        | an apis changed into a stone giant
  2321 | D        | Killed a stone giant
  2485 | D        | Entered arena 20.
  2490 | D        | Noticed a black draconian knight
  2490 | D        | Noticed a green draconian annihilator
  2490 | D        | Noticed a green draconian caller
  2490 | D        | Noticed a black draconian knight
  2492 | D        | Noticed a yellow draconian monk
  2503 | D        | Killed a green draconian caller
  2505 | D        | Reached XP level 15. HP: 13/114 MP: 30/30
  2505 | D        | HP: 5/114 [black draconian knight/dire flail of draining (8)]
  2505 | D        | Mangled by a white draconian

Skill      XL: |  1  2  3  4  5  6  7  8  9 10 11 12 13 14 |
---------------+-------------------------------------------+-----
Long Blades    | 5 6 8 9 10 12 15 18 20 23 25 26 | 26.9
Armour         | 3 4 5 6 7 8 9 10 | 10.8
Dodging        | 2 |  2.8
Shields        | 3 4 5 6 7 8 9 11 12 14 15 17 19 | 19.5
Invocations    | 3 4 5 6 7 8 9 10 12 13 15 19 21 | 21.9
Fighting       | 4 5 6 7 8 9 10 11 12 13 14 | 14.9

Action                   |  1- 3 |  4- 6 |  7- 9 | 10-12 | 13-15 || total
-------------------------+-------+-------+-------+-------+-------++-------
Melee: Double sword      |     7 |    13 |    88 |     9 |       ||   117
       Eudemon blade     |       |       |       |   188 |   262 ||   450
Invok: Brand Weapon With |       |       |     1 |       |       ||     1
       Cleansing Flame   |       |       |       |       |    15 ||    15
       Divine Shield     |       |       |       |       |     2 ||     2
Evoke: Deck              |       |       |       |       |     4 ||     4
  Use: Potion            |     1 |     1 |     1 |     2 |     7 ||    12
       Scroll            |       |       |     4 |       |     2 ||     6
  Eat: Meat ration       |       |       |       |     1 |     1 ||     2
Armor: Plate armour      |     4 |     9 |     3 |       |       ||    16
       Gold dragon armou |       |       |    34 |    51 |   220 ||   305
Dodge: Dodged            |       |       |       |     4 |    24 ||    28
Block: Shield            |    12 |    28 |   149 |   252 |   651 ||  1092
       Reflection        |       |       |     2 |     5 |     9 ||    16
